 Dungeon Crawl Stone Soup version 0.19.1 (webtiles) character file.

12392 galech the Cleaver (level 11, -1/89 HPs)
             Began as a Deep Dwarf Fighter on Dec 7, 2016.
             Was a High Priest of Okawaru.
             Slain by a ten-headed hydra (6 damage)
             ... on level 2 of the Lair of Beasts on Dec 8, 2016.
             The game lasted 01:11:06 (10845 turns).

galech the Cleaver (Deep Dwarf Fighter)            Turns: 10845, Time: 01:11:07

Health: -1/89      AC: 12    Str: 22    XL:     11   Next: 61%
Magic:  7/7        EV: 15    Int: 13    God:    Okawaru [*****.]
Gold:   472        SH:  0    Dex: 14    Spells: 0 memorised, 10 levels left

rFire  . . .     SeeInvis .     A - +5 battleaxe (chop)
rCold  + + .     Gourm    .     q - +0 ring mail {rC+}
rNeg   . . .     Faith    .     (shield currently unavailable)
rPois  .         Spirit   .     s - +1 hat
rElec  .         Reflect  .     t - +2 cloak
rCorr  .         Harm     .     (no gloves)
MR     +....                    (no boots)
Stlth  ++........               x - amulet of magic regeneration
                                S - ring of protection from cold
                                w - +3 ring of intelligence

@: about to teleport, non-regenerating
A: damage resistance, recharge devices, horns 1, molten scales 1, frail 1, sense
surroundings 2, slow regeneration 3, strong 1, wild magic 1
a: Device Recharging, Heroism, Finesse, Renounce Religion


You were on level 2 of the Lair of Beasts.
You worshipped Okawaru.
Okawaru was extremely pleased with you.
You were not hungry.

You visited 3 branches of the dungeon, and saw 13 of its levels.

You collected 562 gold pieces.
You spent 90 gold pieces at shops.

Inventory:

Hand Weapons
 A - a +5 battleaxe of chopping (weapon)
 K - a +0 hand axe of chopping
 Q - a +0 hand axe
Armour
 c - a +0 shield
 q - a +0 ring mail of cold resistance (worn)
 s - a +1 hat (worn)
 t - a +2 cloak (worn)
Jewellery
 w - a +3 ring of intelligence (left hand)
 x - an amulet of magic regeneration (around neck)
 y - an uncursed ring of loudness
 E - an uncursed ring of positive energy
 O - an uncursed amulet of magic regeneration
 S - a ring of protection from cold (right hand)
Wands
 a - a wand of digging (16/24)
 k - a wand of enslavement (15/24)
 m - a wand of iceblast (8/15)
 u - a wand of heal wounds (4/9)
 J - a wand of random effects (34/48)
 T - a wand of teleportation (6/9)
 V - a wand of digging (8/24)
Scrolls
 i - 2 scrolls of magic mapping
 j - 5 scrolls of remove curse
 l - 4 scrolls of amnesia
 B - 3 scrolls of enchant armour
 F - a scroll of fog
 H - 5 scrolls of teleportation
 R - a scroll of fear
 U - a scroll of acquirement {unknown}
 X - 4 scrolls of identify
 Y - 2 scrolls of random uselessness
Potions
 b - a potion of cure mutation {unknown}
 d - 4 potions of might
 e - 6 potions of brilliance
 g - a potion of haste
 h - 3 potions of lignification {unknown}
 o - 6 potions of curing
 r - 3 potions of magic
 v - 3 potions of agility {unknown}
 G - 2 potions of ambrosia {unknown}
 I - a potion of berserk rage
 L - 3 potions of degeneration
 W - a potion of flight {unknown}
 Z - a potion of heal wounds
Miscellaneous
 N - a phial of floods
Comestibles
 f - 7 bread rations
 p - 3 slices of pizza
 z - 10 fruits
 C - 5 meat rations
 M - a royal jelly
 P - a beef jerky


   Skills:
 + Level 6.9 Fighting
 + Level 12.7 Axes
 + Level 7.0 Armour
 + Level 7.1 Dodging
 + Level 2.7 Stealth
 + Level 10.1 Shields
 + Level 0.6 Invocations
 + Level 3.1 Evocations


You had 10 spell levels left.
You didn't know any spells.

Dungeon Overview and Level Annotations

Branches:
Dungeon (10/15)            Temple (1/1) D:5            Lair (2/6) D:10
  Snake (0/4) Lair:2
  Swamp: Lair:2-4    Shoals: Lair:2-4       Orc: D:9-12

Altars:
Ashenzari
Cheibriados
Dithmenos
Fedhas
Hepliaklqana
Kikubaaqudgha
Nemelex Xobeh
Okawaru
Qazlal
Ru
Sif Muna
Trog
Uskayaw
Vehumet
Xom
Zin
The Shining One


Innate Abilities, Weirdness & Mutations

You are resistant to damage.
You can recharge devices by infusing magical energy.
You passively map the area around you.
You do not regenerate.
You have a pair of small horns on your head.
You are partially covered in molten scales. (AC +2)
You are frail. (-10% HP)
Your muscles are strong. (Str +2)
Your spells are a little harder to cast, but a little more powerful.


Message History

The ten-headed hydra is heavily wounded.
The ten-headed hydra bites you!
* * * LOW HITPOINT WARNING * * *
The ten-headed hydra bites you.
* * * LOW HITPOINT WARNING * * *
The ten-headed hydra closely misses you.
The ten-headed hydra bites you!
* * * LOW HITPOINT WARNING * * *
The ten-headed hydra misses you.
The ten-headed hydra closely misses you.
The ten-headed hydra bites you. x2
* * * LOW HITPOINT WARNING * * *
The ten-headed hydra bites you.
* * * LOW HITPOINT WARNING * * *
The ten-headed hydra misses you. The ten-headed hydra barely misses you.
The ten-headed hydra bites you but does no damage.
The ten-headed hydra bites you.
* * * LOW HITPOINT WARNING * * *
The ten-headed hydra bites you!
You die...

# #.....#.### ##.##.## .
#####....##.#.# #......# ##
.##P##...[....### #....).# #P
P....'..........# #P.....#### ##
...###..........####........####.
#### #..........#..#............#
P# ###........#..###......##.#...
## #..........#..###.....#######.
.# ##.........##@D.#.....# ## .#
#.........####....<..# # ##
###+.#P..## #.......# # P#
#..##### ###(....# # .# #.....#
#P.#.#. .## ##.##.#### #...# #.#
##...#.#.######.## ### .##
#.....#..#.#....##### ##.# .##
#.......#...........###...


You could see a ten-headed hydra.

Vanquished Creatures
  Gastronok (Lair:2)
  Fannar (Lair:2)
  Erica (Lair:2)
  Psyche (D:8)
  A black mamba (Lair:2)
  3 spiny frogs (Lair:1)
  A komodo dragon (Lair:2)
  A two-headed ogre (shapeshifter) (D:9)
  Grinder (D:2)
  3 hippogriffs
  4 yaks (Lair:1)
  A hungry ghost (D:8)
  3 wargs (D:10)
  Duvessa (D:6)
  3 water moccasins
  5 ice beasts
  An orc warrior (D:8)
  3 sky beasts
  A black bear (D:7)
  10 wolves
  3 phantoms
  An ogre (D:4)
  5 centaurs
  2 crocodiles
  4 big kobolds
  7 bullfrogs
  Dowan (D:6)
  2 scorpions
  4 killer bees (D:8)
  5 howler monkeys
  A centaur zombie (D:9)
  A crimson imp (D:9)
  6 hounds
  3 jellies
  5 orc priests
  7 orc wizards
  2 centaur skeletons
  2 iguanas
  11 worker ants
  A hound zombie (D:7)
  3 hound skeletons
  2 worker ant zombies
  17 adders
  2 shadow imps
  2 oozes
  2 adder skeletons
  4 worms
  2 dart slugs
  8 leopard geckos
  24 orcs
  4 giant cockroaches
  6 goblins
  12 hobgoblins
  11 jackals
  18 kobolds
  2 quokkas
  3 ball pythons
  9 bats
  A frilled lizard (D:2)
  A giant cockroach zombie (D:6)
  7 rats
  A fungus (Lair:1)
260 creatures vanquished.

Notes
Turn   | Place    | Note
-------+----------+-------------------------------------------
     0 | D:1      | galech the Deep Dwarf Fighter began the quest for the Orb.
     0 | D:1      | Reached XP level 1. HP: 20/20 MP: 1/1
   291 | D:1      | Reached XP level 2. HP: 20/27 MP: 2/2
   846 | D:2      | Reached XP level 3. HP: 33/33 MP: 3/3
  1330 | D:2      | Reached skill level 3 in Axes
  1620 | D:2      | Found a faded altar of an unknown god.
  1620 | D:2      | Found an iron altar of Okawaru.
  1632 | D:2      | Found a faded altar of an unknown god.
  1635 | D:2      | Found a faded altar of an unknown god.
  1637 | D:2      | Found a faded altar of an unknown god.
  1671 | D:2      | Became a worshipper of Warmaster Okawaru
  1992 | D:3      | Found a hide-covered altar of Uskayaw.
  1992 | D:3      | Noticed Grinder
  2022 | D:2      | Reached XP level 4. HP: 34/42 MP: 4/4
  2058 | D:2      | Killed Grinder
  2058 | D:2      | Reached * piety under Okawaru
  2058 | D:2      | Reached skill level 4 in Axes
  2058 | D:2      | Reached XP level 5. HP: 26/49 MP: 5/5
  2058 | D:2      | Reached XP level 6. HP: 30/56 MP: 6/6
  2648 | D:3      | Reached skill level 5 in Shields
  2825 | D:4      | Reached skill level 5 in Axes
  2860 | D:4      | Reached ** piety under Okawaru
  2940 | D:4      | Found a shattered altar of Ashenzari.
  3002 | D:4      | Reached XP level 7. HP: 54/63 MP: 7/7
  3466 | D:4      | You fall through a shaft for 2 floors!
  3583 | D:6      | Reached skill level 1 in Dodging
  3598 | D:6      | Gained mutation: Your muscles are strong. (Str +2) [mutagenic meat]
  3604 | D:6      | Gained mutation: You are partially covered in molten scales. (AC +2) [mutagenic meat]
  3605 | D:6      | Gained mutation: You have a pair of small horns on your head. [mutagenic meat]
  3606 | D:6      | Gained mutation: You are frail. (-10% HP) [mutagenic meat]
  3607 | D:6      | Gained mutation: Your spells are a little harder to cast, but a little more powerful. [mutagenic meat]
  3668 | D:5      | Entered Level 5 of the Dungeon
  3783 | D:5      | Found a staircase to the Ecumenical Temple.
  3828 | Temple   | Entered the Ecumenical Temple
  4129 | D:4      | Reached skill level 6 in Axes
  4129 | D:4      | Reached skill level 5 in Armour
  4455 | D:5      | Reached XP level 8. HP: 63/64 MP: 8/8
  4484 | D:5      | Found a deep blue altar of Sif Muna.
  4773 | D:5      | Reached *** piety under Okawaru
  4994 | D:5      | Reached skill level 1 in Stealth
  5091 | D:6      | Found a blossoming altar of Fedhas.
  5130 | D:6      | Reached skill level 7 in Axes
  5243 | D:6      | Noticed Duvessa
  5244 | D:6      | Noticed Dowan
  5251 | D:6      | Killed Duvessa
  5274 | D:6      | Killed Dowan
  5274 | D:6      | Received a gift from Okawaru
  5495 | D:6      | Found a sparkling altar of Nemelex Xobeh.
  5786 | D:6      | Reached skill level 1 in Evocations
  5791 | D:6      | Reached skill level 8 in Axes
  6077 | D:7      | Gained mutation: You passively map the area around you. [Deep Dwarf growth]
  6077 | D:7      | Reached XP level 9. HP: 44/72 MP: 9/9
  6129 | D:7      | Found an ancient bone altar of Kikubaaqudgha.
  6149 | D:7      | Received a gift from Okawaru
  6370 | D:7      | Found Zin's Purification Station.
  6370 | D:7      | Found a glowing silver altar of Zin.
  6379 | D:7      | Bought a potion of curing for 90 gold pieces
  6463 | D:7      | Found a radiant altar of Vehumet.
  6490 | D:7      | Reached skill level 5 in Fighting
  6774 | D:7      | Found a sparkling altar of Nemelex Xobeh.
  6964 | D:8      | Reached skill level 9 in Axes
  7088 | D:8      | Found a glowing golden altar of the Shining One.
  7148 | D:8      | Noticed Psyche
  7170 | D:8      | Killed Psyche
  7170 | D:8      | Reached **** piety under Okawaru
  7170 | D:8      | Reached skill level 5 in Dodging
  7359 | D:8      | You fall through a shaft!
  7560 | D:8      | Reached XP level 10. HP: 69/81 MP: 10/10
  7729 | D:8      | Reached skill level 10 in Axes
  8349 | D:9      | Found a hazy altar of Hepliaklqana.
  9310 | D:10     | Entered Level 10 of the Dungeon
  9342 | D:10     | Found a staircase to the Lair.
  9415 | D:10     | Reached ***** piety under Okawaru
  9444 | Lair:1   | Entered Level 1 of the Lair of Beasts
  9578 | Lair:1   | Reached skill level 11 in Axes
  9655 | Lair:1   | Noticed a spiny frog
  9667 | Lair:1   | Killed a spiny frog
  9678 | Lair:1   | Noticed a spiny frog
  9699 | Lair:1   | Killed a spiny frog
  9817 | Lair:1   | Received a gift from Okawaru
 10271 | Lair:1   | Noticed a spiny frog
 10290 | Lair:1   | Killed a spiny frog
 10351 | Lair:1   | Reached XP level 11. HP: 48/87 MP: 9/9
 10389 | Lair:1   | Received a gift from Okawaru
 10424 | Lair:2   | Noticed Erica
 10432 | Lair:2   | Killed Erica
 10432 | Lair:2   | Reached skill level 10 in Shields
 10524 | Lair:2   | Noticed Fannar
 10536 | Lair:2   | Killed Fannar
 10609 | Lair:2   | Reached skill level 12 in Axes
 10616 | Lair:2   | Noticed Gastronok
 10657 | Lair:2   | Killed Gastronok
 10830 | Lair:2   | Noticed a four-headed hydra
 10845 | Lair:2   | Slain by a ten-headed hydra

Skill      XL: |  1  2  3  4  5  6  7  8  9 10 11 |
---------------+----------------------------------+-----
Fighting       | 3 4 5 6 |  6.9
Axes           | 3 4 5 6 8 9 11 12 | 12.7
Shields        | 4 5 6 7 8 9 10 | 10.1
Armour         | 4 5 6 7 |  7.0
Dodging        | 2 3 5 6 7 |  7.1
Stealth        | 1 2 |  2.7
Evocations     | 1 2 3 |  3.1
Invocations    | |  0.6

Action                   |  1- 3 |  4- 6 |  7- 9 | 10-12 || total
-------------------------+-------+-------+-------+-------++-------
Melee: War axe           |   136 |   192 |   497 |   196 ||  1021
       Headbutt          |       |       |    80 |   106 ||   186
       Hand axe          |       |       |       |   174 ||   174
       Battleaxe         |       |       |       |    70 ||    70
Invok: Heroism           |       |       |     1 |       ||     1
 Abil: Device Recharging |       |       |     1 |     5 ||     6
Evoke: Wand              |     1 |     2 |     8 |    25 ||    36
  Use: Scroll            |     8 |     2 |     9 |     4 ||    23
  Eat: Chunk             |     4 |     3 |    14 |     4 ||    25
       Bread ration      |       |       |     3 |     2 ||     5
Armor: Plate armour      |   105 |    40 |       |       ||   145
       Scale mail        |     9 |       |       |       ||     9
       Ring mail         |       |    59 |   213 |   110 ||   382
Dodge: Dodged            |    29 |    64 |   224 |   208 ||   525
Block: Shield            |    89 |   119 |   298 |   207 ||   713
